 Dungeon Crawl Stone Soup version 0.28.0-45-g0d030f2227 (webtiles) character file.

Game seed: 6815801784966658246

147 mcbry74 the Chopper (level 5, -5/42 HPs)
             Began as a Hill Orc Gladiator on May 6, 2022.
             Slain by a bullfrog (6 damage)
             ... in a sewer.
             The game lasted 00:06:10 (2267 turns).

mcbry74 the Chopper (Hill Orc Gladiator)            Turns: 2267, Time: 00:06:10

Health: -5/42      AC:  4    Str: 17    XL:     5   Next: 29%
Magic:  5/5        EV: 12    Int: 10    God:
Gold:   52         SH:  0    Dex: 12    Spells: 4/4 levels left

rFire   . . .      SeeInvis .   a - +0 war axe
rCold   . . .      Faith    .   (no shield)
rNeg    . . .      Spirit   .   b - +0 leather armour
rPois   .          Reflect  .   f - +0 helmet
rElec   .          Harm     .   (no cloak)
rCorr   .          Rampage  .   (no gloves)
Will    .....                   (no boots)
Stlth   +.........              (no amulet)
HPRegen 0.14/turn               (no ring)
MPRegen 0.09/turn               (no ring)

@: very slow
A: no striking features
a: no special abilities


You were in a sewer.
You visited 1 branch of the dungeon, and saw 3 of its levels.
You also visited: Sewer.

You collected 52 gold pieces.

Inventory:

Hand Weapons
 a - a +0 war axe (weapon)
Missiles
 d - a throwing net (quivered)
 g - 54 stones
Armour
 b - a +0 leather armour (worn)
 c - a +0 helmet
 f - a +0 helmet (worn)
Jewellery
 j - a ring of fire
Scrolls
 h - a scroll of identify {unknown}
 i - a scroll of enchant armour {unknown}


   Skills:
 - Level 2.4 Fighting
 + Level 7.7 Axes
 - Level 1.7 Throwing
 - Level 2.4 Dodging


You had 4 spell levels left.
You didn't know any spells.
Your spell library contained the following spells:

 Spells                   Type           Power      Damage    Failure   Level
 Gell's Gravitas          Tloc           0%         N/A       80%         3
 Teleport Other           Tloc           0%         N/A       80%         3
 Dispersal                Tloc           0%         N/A       100%        6


Dungeon Overview and Level Annotations

Branches:
Dungeon (2/15)              Sewer (1/1)

Altars:
Nemelex Xobeh


Message History

The bullfrog is severely wounded.
The bullfrog closely misses you.
You completely miss the bullfrog.
The bullfrog is severely wounded.
The bullfrog barely misses you.
The bullfrog hits you but does no damage.
You hit the bullfrog.
The bullfrog is almost dead.
The bullfrog closely misses you. The bullfrog hits you.
Your unstable footing causes you to fumble your attack.
The bullfrog hits you.
You barely miss the bullfrog.
The bullfrog is almost dead.
The bullfrog hits you.
* * * LOW HITPOINT WARNING * * *
The bullfrog hits you.
* * * LOW HITPOINT WARNING * * *
You barely miss the bullfrog.
The bullfrog is almost dead.
The bullfrog hits you!
* * * LOW HITPOINT WARNING * * *
The bullfrog misses you.
Throw: 2 throwing nets
Press: ? - help, Q - select action, (/) - cycle Shift-Dir - straight line, f - bullfrog
Aim: a bullfrog (water, almost dead, 50% to hit)
You throw a throwing net. The throwing net misses the bullfrog.
You hear a splash.
The bullfrog barely misses you.
You barely miss the bullfrog.
The bullfrog is almost dead.
The bullfrog hits you but does no damage.
The bullfrog barely misses you.
You barely miss the bullfrog.
The bullfrog is almost dead.
The bullfrog hits you.
* * * LOW HITPOINT WARNING * * *
Your unstable footing causes you to fumble your attack.
The bullfrog hits you but does no damage.
The bullfrog hits you.
You die...

#∩# #.≈≈≈≈≈≈≈.??!. #.#
#.# #.≈≈≈≈≈≈≈≈.(|≈≈≈≈≈#
#.# ###
#.≈≈≈≈≈≈≈.≈..≈≈≈≈≈# #.#
#.≈≈≈≈≈≈≈≈≈≈.≈≈≈≈≈# #.#
#.≈≈≈≈≈≈.≈..≈..≈≈# #≈#
#.≈≈≈≈≈≈≈≈≈...∩≈≈# #≈#
#.≈≈≈≈≈≈≈≈≈≈≈≈≈≈≈# #.#
#.≈≈≈≈≈≈≈≈≈≈≈≈≈≈# #≈#
#.≈≈≈≈≈≈≈≈≈@F≈≈≈# #≈#
#.≈≈≈.≈≈≈≈≈≈≈≈≈## #†#
#.≈≈≈.≈≈≈≈≈†≈≈########.#
#.≈≈≈≈..≈≈≈†≈≈≈≈≈≈.≈≈≈.#
#.≈≈≈≈≈≈≈≈≈≈≈≈≈≈≈≈≈≈≈≈≈#
#.≈≈≈≈≈≈≈≈≈≈≈≈≈≈≈≈≈≈≈≈.#
#..≈≈≈≈≈≈≈≈≈≈≈≈≈≈≈≈≈≈≈.#
##.....≈≈≈≈≈.≈≈≈.......#
#######################


You could see a bullfrog.

Vanquished Creatures
  Jessica (D:2)
  6 adders
  3 worms
  A dart slug (D:1)
  3 endoplasms (D:2)
  6 giant cockroaches (Sewer)
  2 goblins (D:1)
  4 hobgoblins
  2 jackals (D:1)
  3 kobolds
  6 quokkas (Sewer)
  9 ball pythons
  A bat (D:1)
  9 frilled lizards
  4 rats
60 creatures vanquished.

Notes
Turn   | Place    | Note
-------+----------+-------------------------------------------
     0 | D:1      | mcbry74 the Hill Orc Gladiator began the quest for the Orb.
     0 | D:1      | Reached XP level 1. HP: 18/18 MP: 1/1
   185 | D:1      | Reached XP level 2. HP: 25/25 MP: 2/2
   547 | D:1      | Reached skill level 5 in Axes
   983 | D:2      | Noticed Jessica
   991 | D:2      | Killed Jessica
   992 | D:2      | Reached skill level 6 in Axes
   992 | D:2      | Reached XP level 3. HP: 30/30 MP: 3/3
  1290 | D:2      | Reached XP level 4. HP: 37/37 MP: 4/4
  1549 | D:2      | Found a sparkling altar of Nemelex Xobeh.
  1612 | D:2      | You fall into a shaft and drop 1 floor!
  1630 | D:3      | Found a glowing drain.
  1660 | Sewer    | Entered a sewer
  1716 | Sewer    | Reached skill level 7 in Axes
  1795 | Sewer    | Reached XP level 5. HP: 6/42 MP: 5/5
  2263 | Sewer    | HP: 2/42 [bullfrog (7)]
  2267 | Sewer    | Slain by a bullfrog

Illustrated notes

Levels and vault maps discovered:
D:1:      lemuel_arrival_broad_hall, layout_basic, minmay_crystal_water
D:2:      layout_basic, basic_altar, serial_shops, nicolae_shop_trees,
          shapermc_ecumenical_altar_flowoftime, uniq_jessica
D:3:      layout_basic, cheibrodos_sewer_entry_sluice
Sewer:    sewer_frog_island_01

Skill      XL: |  1  2  3  4 |
---------------+-------------+-----
Axes           | 6 7 |  7.7
Fighting       | |  2.4
Throwing       | |  1.7
Dodging        | |  2.4

Action                   |  1- 3 |  4- 6 || total
-------------------------+-------+-------++-------
Melee: War axe           |    65 |   134 ||   199
       Punch             |     2 |     3 ||     5
Throw: Throwing net      |       |     2 ||     2
  Use: Potion            |       |     1 ||     1
 Stab: Distracted        |       |     1 ||     1
Armor: Leather armour    |    17 |    43 ||    60
Dodge: Dodged            |    46 |   103 ||   149
